 Dungeon Crawl Stone Soup version 0.30-a0-1094-g860fb061e7 (webtiles) character file.

Game seed: 7994071156344650704

19 overlord the Caller (level 2, 0/19 HPs)
             Began as a Mummy Summoner on Apr 14, 2023.
             Slain by a frilled lizard (3 damage)
             ... on level 2 of the Dungeon on Apr 17, 2023.
             The game lasted 00:16:21 (807 turns).

overlord the Caller (Mummy Summoner)                 Turns: 807, Time: 00:16:21

Health: 0/19       AC:  2    Str: 11    XL:     2   Next: 55%
Magic:  6/6        EV: 12    Int: 14    God:
Gold:   10         SH:  0    Dex: 12    Spells: 6/7 levels left

rFire   x . .      SeeInvis .    d - +0 whip
rCold   + . .      Faith    +    (no shield)
rNeg    + + +      Spirit   .    a - +0 robe
rPois   ∞          Reflect  .    (no helmet)
rElec   .          Rampage  .    (no cloak)
rCorr   .                        (no gloves)
Will    .....                    (no boots)
Stlth   ++                       (no amulet)
HPRegen 0.23/turn                (no ring)
MPRegen 0.10/turn                (no ring)

@: no status effects
A: cold resistance 1, negative energy resistance 3, torment resistance 2, heat
vulnerability 1, no potions, faith
a: no special abilities


You were on level 2 of the Dungeon.
You visited 1 branch of the dungeon, and saw 2 of its levels.

You collected 10 gold pieces.

Inventory:

Hand Weapons
 d - a +0 whip (weapon)
 e - a +0 dagger of freezing
 g - a +0 short sword
 i - a +0 short sword
 k - a +0 dagger
Missiles
 b - 27 stones (quivered)
 f - 2 poisoned darts
Armour
 a - a +0 robe (worn)
 c - a +0 robe
 l - a +0 leather armour
Scrolls
 j - a scroll of torment {unknown}
Potions
 h - a potion of invisibility {unknown}


   Skills:
 + Level 0.3 Maces & Flails
 + Level 1.5 Dodging
 + Level 1.6 Stealth
 + Level 3.0 Spellcasting
 + Level 3.7 Summonings


You had 6 spell levels left.
You knew the following spells:

 Your Spells              Type           Power      Damage    Failure   Level
a - Summon Small Mammal   Summ           48%        N/A       4%          1

Your spell library contained the following spells:

 Spells                   Type           Power      Damage    Failure   Level
 Call Imp                 Summ           24%        N/A       7%          2
 Call Canine Familiar     Summ           12%        N/A       14%         3
 Apportation              Tloc           4%         N/A       22%         1
 Necrotise                Necr           8%         1d4       22%         1
 Summon Guardian Golem    Hex/Summ       7%         N/A       30%         3
 Summon Lightning Spire   Summ/Air       7%         N/A       69%         4


Dungeon Overview and Level Annotations

Branches:
Dungeon (2/15)

Altars:

Shops:
D:1 ?

Annotations:
D:2 Terence


Innate Abilities, Weirdness & Mutations

You are immune to poison.
Your flesh is cold resistant. (rC+)
You are immune to negative energy. (rN+++)
You are immune to unholy pain and torment.
You are vulnerable to heat. (rF-)
You do not drink.
You have a special connection with the divine. (Faith)


Message History

The goblin misses you. The frilled lizard closely misses you.
You closely miss the goblin.
The goblin is moderately wounded.
The goblin closely misses you. The frilled lizard misses you.
You hit the goblin.
You kill the goblin!
The frilled lizard bites you.
You barely miss the frilled lizard.
The frilled lizard bites you but does no damage.
The frilled lizard closely misses you.
You hit the frilled lizard.
You punch the frilled lizard, but do no damage.
The frilled lizard is moderately wounded.
The frilled lizard bites you. The frilled lizard closely misses you.
You miss the frilled lizard.
The frilled lizard is moderately wounded.
The frilled lizard barely misses you.
The frilled lizard bites you but does no damage.
You completely miss the frilled lizard.
The frilled lizard is moderately wounded.
The frilled lizard bites you. x2; The frilled lizard barely misses you.
The frilled lizard bites you but does no damage.
You miss the frilled lizard.
The frilled lizard closely misses you. x2
You barely miss the frilled lizard. The frilled lizard barely misses you.
The frilled lizard closely misses you.
You miss the frilled lizard.
The frilled lizard bites you but does no damage.
The frilled lizard barely misses you.
You miss the frilled lizard. The frilled lizard misses you.
The frilled lizard bites you.
You closely miss the frilled lizard. The frilled lizard bites you.
* * * LOW HITPOINT WARNING * * *
The frilled lizard bites you.
* * * LOW HITPOINT WARNING * * *
You barely miss the frilled lizard. The frilled lizard bites you.
* * * LOW HITPOINT WARNING * * *
The frilled lizard bites you.
* * * LOW HITPOINT WARNING * * *
You closely miss the frilled lizard. The frilled lizard bites you.
You die...

#...## .....
#.... #... ##
##..# .... ...
.....##.# #
#......l##.###.#
#....#..@l......
### ##..#.##..#
..... ..
#.##..#. #.. #
#..#.# .# ...) #
. ##.# #)#


You could see 2 frilled lizards.

Vanquished Creatures
  2 bats (D:1)
  2 endoplasms (D:1)
  A giant cockroach (D:1)
  4 goblins
  A jackal (D:1)
  2 ball pythons (D:1)
  3 frilled lizards (D:1)
  2 kobolds (D:1)
17 creatures vanquished.

Vanquished Creatures (collateral kills)
  A jackal (D:1)
  2 ball pythons (D:1)
3 creatures vanquished.

Grand Total: 20 creatures vanquished

Notes
Turn   | Place    | Note
-------+----------+-------------------------------------------
     0 | D:1      | overlord the Mummy Summoner began the quest for the Orb.
     0 | D:1      | Reached XP level 1. HP: 13/13 MP: 4/4
   190 | D:1      | Reached XP level 2. HP: 12/19 MP: 5/5
   237 | D:1      | Upgraded the game from 0.30-a0-1075-gcd70e7a56d to
                  | 0.30-a0-1094-g860fb061e7
   358 | D:2      | Noticed Terence
   692 | D:1      | Found Nisutsyo's Magic Scroll Boutique.
   807 | D:2      | Slain by a frilled lizard

Illustrated notes

Levels and vault maps discovered:
D:1:      matt_arrival_grand_opening, layout_loops_corners, serial_shops,
          shop_statue, nicolae_shop_crystal, hangedman_decor_push,
          minmay_box_of_dots
D:2:      layout_loops_ring, uniq_sigmund, uniq_terence, uniq_crazy_yiuf_cottage

Skill      XL: |  1  2 |
---------------+-------+-----
Spellcasting   | 3 |  3.0
Maces & Flails | |  0.3
Dodging        | |  1.5
Stealth        | |  1.6
Summonings     | |  3.7

Action                     || total
---------------------------++-------
  Melee: Whip              ||    61
         Unarmed           ||    10
         Punch             ||     1
  Throw: Stone             ||     3
   Cast: Summon Small Mamm ||     9
    Use: Scroll            ||     1
   Stab: Sleeping          ||     2
 Armour: Robe              ||    24
  Dodge: Dodged            ||    87

Table legend: (Time is in decaauts)
 A = Elapsed time spent in this place.
 B = Non-inter-level travel time spent in this place.
 C = Inter-level travel time spent in this place.
 D = Time resting spent in this place.
 E = Time spent auto-exploring this place.
 F = Levels seen in this place.
 G = Mean time per level.
                   A        B        C        D        E       F      G
               +--------+--------+--------+--------+--------+-----+--------+
         Total |    813 |    280 |    533 |      0 |      0 |   2 |  406.5 |
       Dungeon |    813 |    280 |    533 |      0 |      0 |   2 |  406.5 |
               +--------+--------+--------+--------+--------+-----+--------+

Top non-repeatable levels by time:
     D:1: 768 daAuts
     D:2: 45 daAuts
